 Dungeon Crawl Stone Soup version 0.27.1 (webtiles) character file.

Game seed: 13105073452651857423

36008 nixonesque the Severer (level 13, -6/119 HPs)
             Began as a Minotaur Berserker on Aug 24, 2021.
             Was a High Priest of Trog.
             Mangled by a seven-headed hydra (10 damage)
             ... on level 4 of the Lair of Beasts.
             The game lasted 01:13:47 (21681 turns).

nixonesque the Severer (Minotaur Berserker)        Turns: 21681, Time: 01:13:47

Health: -6/119     AC: 24    Str: 25    XL:     13   Next: 50%
Magic:  12/12      EV: 13    Int:  4    God:    Trog [*****.]
Gold:   518        SH:  0    Dex: 12    Spells: 12/12 levels left

rFire    . . .     SeeInvis .   I - +0 executioner's axe (flame)
rCold    . . .     Faith    .   (shield currently unavailable)
rNeg     . . .     Spirit   .   P - +0 plate armour
rPois    .         Reflect  .   (helmet restricted)
rElec    .         Harm     .   x - +0 cloak
rCorr    .         Rampage  .   A - +0 pair of gloves
Will     ++...     Clarity  +   Q - +0 pair of boots
Stlth    ..........             (no amulet)
HPRegen  1.29/turn              E - +4 ring of evasion
MPRegen  0.13/turn              f - +4 ring of protection

@: about to teleport, strong-willed, regenerating
A: horns 2, retaliatory headbutt, clarity
a: Renounce Religion, Berserk, Trog's Hand, Brothers in Arms


You were on level 4 of the Lair of Beasts.
You worshipped Trog.
Trog was extremely pleased with you.
You visited 2 branches of the dungeon, and saw 15 of its levels.
You also visited: Ossuary.

You collected 668 gold pieces.
You spent 150 gold pieces at shops.

Inventory:

Hand Weapons
 I - a +0 executioner's axe of flaming (weapon)
 Z - the +5 hand axe of Zaicahib {flame, Str+2}
   (You found it on level 3 of the Lair of Beasts)

   It burns those it strikes, dealing additional fire damage.
   Big, fiery blades are also staple armaments of hydra-hunters.
   Str:       It affects your strength (+2).
Missiles
 c - 409 stones (quivered)
 m - 4 throwing nets
 s - 22 boomerangs
 w - 29 poisoned darts
 M - 3 atropa-tipped darts
Armour
 x - a +0 cloak (worn)
 A - a +0 pair of gloves (worn)
 P - a +0 plate armour (worn)
 Q - a +0 pair of boots (worn)
Jewellery
 a - a ring of magical power
 f - a +4 ring of protection (right hand)
 E - a +4 ring of evasion (left hand)
 F - a ring of protection from cold
 H - a ring of see invisible
 J - a ring of magical power
 W - a ring of protection from fire
Wands
 k - a wand of iceblast (26)
 L - a wand of paralysis (10)
 S - a wand of digging (4)
 T - a wand of mindburst (25)
 V - a wand of flame (20)
Scrolls
 b - a scroll of identify
 g - 2 scrolls of blinking
 i - a scroll of torment {unknown}
 l - a scroll of noise
 n - a scroll of immolation
 q - a scroll of magic mapping
 r - 2 scrolls of enchant armour
 u - 4 scrolls of amnesia
 y - 3 scrolls of teleportation
 z - 2 scrolls of summoning
 G - 3 scrolls of vulnerability
 R - a scroll of fog
 U - 2 scrolls of enchant weapon
 Y - a scroll of silence {unknown}
Potions
 d - 2 potions of brilliance
 e - 11 potions of curing
 h - 4 potions of heal wounds
 j - 2 potions of haste
 o - 2 potions of flight
 p - a potion of mutation
 t - 3 potions of might
 v - a potion of attraction
 C - a potion of cancellation {unknown}
 D - a potion of invisibility {unknown}
 K - 2 potions of resistance
 O - a potion of degeneration {unknown}
Miscellaneous
 N - a piece from Xom's chessboard (15/15)


   Skills:
 + Level 12.9 Fighting
 + Level 19.1 Axes
 + Level 13.2 Armour
 + Level 4.7 Dodging
 - Level 1.0 Stealth


You had 12 spell levels left.
You didn't know any spells.
Your spell library contained the following spells:

 Spells                   Type           Power      Damage    Failure   Level
 Blink                    Tloc           N/A        N/A       100%        2
 Lesser Beckoning         Tloc           0%         N/A       100%        3
 Portal Projectile        Hex/Tloc       0%         N/A       100%        3
 Blade Hands              Tmut           0%         N/A       100%        5
 Excruciating Wounds      Necr           0%         N/A       100%        5
 Manifold Assault         Tloc           0%         N/A       100%        5
 Storm Form               Tmut/Air       0%         N/A       100%        7


Dungeon Overview and Level Annotations

Branches:
Dungeon (11/15)            Temple (0/1) D:4            Lair (4/6) D:11
  Swamp (0/4) Lair:3       Spider (0/4) Lair:2      Ossuary (visited)
    Orc: D:9-12

Altars:
Ashenzari
Okawaru
Ru

Shops:
D:3 (   D:8 ?   D:10 =

Annotations:
Lair:4 1 transporter, exclusions: ice statue and oklob plant, Shym's ghost, journeyman BaVM


Innate Abilities, Weirdness & Mutations

You have a pair of horns on your head.
You reflexively headbutt those who attack you in melee.
You possess an exceptional clarity of mind.


Message History

The blink frog completely misses you.
The blink frog hits you but does no damage.
Found a stone staircase leading down.
The seven-headed hydra bites you! x2
The seven-headed hydra bites you but does no damage. x2
The seven-headed hydra bites you!
The seven-headed hydra bites you but does no damage.
The seven-headed hydra bites you!
* * * LOW HITPOINT WARNING * * *
The blink frog closely misses you. You furiously retaliate!
You headbutt the blink frog! The blink frog hits you.
* * * LOW HITPOINT WARNING * * *
Your skin crawls.
You feel strong-willed. The blink frog hits you!
* * * LOW HITPOINT WARNING * * *
The blink frog completely misses you. You furiously retaliate!
You headbutt the blink frog!
You kill the blink frog!
Trog accepts your kill.
The seven-headed hydra closely misses you.
You furiously retaliate!
You headbutt the seven-headed hydra!
The seven-headed hydra barely misses you.
The seven-headed hydra bites you but does no damage. x2
The seven-headed hydra bites you!
* * * LOW HITPOINT WARNING * * *
The seven-headed hydra barely misses you.
The seven-headed hydra bites you but does no damage.
The blink frog barely misses you.
Okay, then.
As you read the scroll of teleportation, it crumbles to dust.
You feel strangely unstable. The seven-headed hydra bites you!
* * * LOW HITPOINT WARNING * * *
The seven-headed hydra completely misses you.
The seven-headed hydra bites you.
* * * LOW HITPOINT WARNING * * *
The seven-headed hydra bites you.
* * * LOW HITPOINT WARNING * * *
The seven-headed hydra barely misses you.
The seven-headed hydra bites you!
You die...

..##.##.D..##.#.†...P#
Y#..##S#.t##.###....##
8≈..≈..Y8##.###P...†.#
#≈$...l≈##.#.#....†.####.
##.###.# ...........#....
.##...##.................
..#####.#................
##..©..#
......F.......... #....##
.......@......... ###..#
.......D......... .....
........###......
.............P# ##.#.
#..............# #..
..............#^ #.
.............. # .....>.


You could see a seven-headed hydra and a blink frog.

Vanquished Creatures
  A sphinx (D:10)
  An ettin (D:10)
  Snorg (D:10)
  2 hydras (Lair:3)
  2 two-headed ogres
  Pikel (D:5)
  An ugly thing (D:11)
  A cyclops (D:10)
  A manticore (D:10)
  6 elephants
  A torpor snail (Lair:3)
  A gargoyle (D:10)
  8 cane toads
  3 rime drakes
  11 komodo dragons
  A polar bear (Lair:3)
  3 trolls (D:11)
  17 blink frogs
  6 dream sheep (Lair:4)
  A vampire (D:7)
  A wraith (D:10)
  2 wyverns
  48 yaks
  5 basilisks
  2 steam dragons
  Menkaure (D:6)
  Edmund (D:5)
  7 water moccasins
  5 orc warriors
  2 black bears
  2 necrophages
  A centaur (D:8)
  11 wolves
  An ogre (D:5)
  A phantom (D:5)
  2 gnoll sergeants
  2 kobold brigands
  14 bullfrogs
  6 scorpions (Lair:2)
  3 killer bees (D:9)
  A howler monkey (D:9)
  4 wights (D:9)
  6 centaur zombies
  A centaur skeleton (D:4)
  A jelly (D:6)
  8 orc priests
  Terence (D:2)
  Ijyb (D:4)
  7 orc wizards
  2 killer bee zombies (D:7)
  A hound skeleton (D:4)
  3 mummies (Ossuary)
  15 gnolls
  9 adders
  2 adder skeletons (D:4)
  An adder zombie (Ossuary)
  6 worms
  A dart slug (D:3)
  32 orcs
  6 bats
  5 endoplasms
  2 giant cockroaches (D:3)
  7 goblins
  5 hobgoblins
  4 jackals
  16 kobolds
  4 quokkas
  5 ball pythons
  7 frilled lizards
  A goblin zombie (Ossuary)
  A kobold zombie (Ossuary)
  2 quokka zombies (Ossuary)
  3 rats
  A rat zombie (Ossuary)
357 creatures vanquished.

Vanquished Creatures (others)
  14 fungi
  15 plants
29 creatures vanquished.

Grand Total: 386 creatures vanquished

Notes
Turn   | Place    | Note
-------+----------+-------------------------------------------
     0 | D:1      | nixonesque the Minotaur Berserker began the quest for the
                  | Orb.
     0 | D:1      | Reached XP level 1. HP: 19/19 MP: 0/0
   546 | D:1      | Reached XP level 2. HP: 21/27 MP: 1/1
  1331 | D:2      | Reached skill level 4 in Axes
  1692 | D:2      | Reached XP level 3. HP: 27/33 MP: 2/2
  1867 | D:2      | Noticed Terence
  1883 | D:2      | Killed Terence
  2216 | D:2      | Reached XP level 4. HP: 41/41 MP: 3/3
  2321 | D:2      | Found a broken altar of Ashenzari.
  3372 | D:3      | Noticed a black bear
  3383 | D:3      | Killed a black bear
  3384 | D:3      | Reached skill level 5 in Fighting
  3384 | D:3      | Reached skill level 5 in Axes
  3384 | D:3      | Reached XP level 5. HP: 45/48 MP: 4/4
  3676 | D:3      | Found Pumizuqy's Weapon Emporium.
  4041 | D:3      | Reached ** piety under Trog
  4266 | D:4      | Found a staircase to the Ecumenical Temple.
  4345 | D:4      | Reached XP level 6. HP: 56/56 MP: 5/5
  4749 | D:4      | Noticed Ijyb
  4759 | D:4      | Killed Ijyb
  4765 | D:4      | Reached skill level 6 in Axes
  5208 | D:5      | Entered Level 5 of the Dungeon
  5208 | D:5      | Found a sand-covered staircase.
  5221 | D:5      | Reached skill level 5 in Armour
  5221 | D:5      | Reached XP level 7. HP: 53/61 MP: 6/6
  5246 | D:5      | Reached skill level 7 in Axes
  5258 | D:5      | Noticed Pikel
  5269 | Ossuary  | Entered an ossuary
  5679 | D:5      | Reached *** piety under Trog
  5683 | D:5      | Killed Pikel
  5684 | D:5      | Reached skill level 8 in Axes
  5684 | D:5      | Reached skill level 1 in Stealth
  5684 | D:5      | Reached XP level 8. HP: 71/71 MP: 7/7
  5835 | D:5      | Noticed Edmund
  5846 | D:5      | Killed Edmund
  6476 | D:6      | Noticed Menkaure
  6484 | D:6      | Killed Menkaure
  6619 | D:6      | Found a sacrificial altar of Ru.
  6624 | D:6      | Reached skill level 9 in Axes
  8135 | D:7      | Reached XP level 9. HP: 76/79 MP: 8/8
  9259 | D:8      | Reached skill level 10 in Axes
  9313 | D:8      | Found Kaojib's Magic Scroll Emporium.
  9321 | D:8      | Bought a scroll of teleportation for 45 gold pieces
  9321 | D:8      | Bought a scroll of identify for 30 gold pieces
  9321 | D:8      | Bought a scroll of identify for 30 gold pieces
  9321 | D:8      | Bought a scroll of teleportation for 45 gold pieces
 10727 | D:9      | Reached **** piety under Trog
 10852 | D:9      | Gained mutation: You possess an exceptional clarity of
                  | mind. [potion of mutation]
 10890 | D:9      | Reached skill level 11 in Axes
 12574 | D:10     | Entered Level 10 of the Dungeon
 12596 | D:10     | Noticed a two-headed ogre
 12599 | D:10     | Killed a two-headed ogre
 12600 | D:10     | Reached skill level 12 in Axes
 12600 | D:10     | Reached XP level 10. HP: 68/90 MP: 9/9
 12985 | D:10     | Reached skill level 13 in Axes
 12988 | D:10     | Reached skill level 10 in Armour
 13118 | D:10     | Found Ataonis's Jewellery Emporium.
 13319 | D:10     | Noticed Snorg
 13331 | D:10     | HP: 5/136 [Snorg (2)]
 13332 | D:10     | Killed Snorg
 13638 | D:10     | Noticed a gargoyle
 13645 | D:10     | Killed a gargoyle
 13799 | D:10     | Reached skill level 14 in Axes
 13829 | D:10     | Noticed a manticore
 13829 | D:10     | Noticed a sphinx
 13829 | D:10     | Noticed a cyclops
 13829 | D:10     | Noticed an ettin
 13835 | D:10     | Killed a manticore
 13836 | D:10     | Reached XP level 11. HP: 99/99 MP: 10/10
 13841 | D:10     | Killed an ettin
 13848 | D:10     | Killed a sphinx
 13849 | D:10     | Reached skill level 10 in Fighting
 13849 | D:10     | Reached skill level 15 in Axes
 14693 | D:11     | Noticed a red ugly thing
 14703 | D:11     | Killed a red ugly thing
 14721 | D:11     | Found an iron altar of Okawaru.
 14847 | D:11     | Noticed a two-headed ogre
 14849 | D:11     | Killed a two-headed ogre
 15177 | D:11     | Found a staircase to the Lair.
 15266 | Lair:1   | Entered Level 1 of the Lair of Beasts
 15800 | Lair:1   | Reached XP level 12. HP: 110/110 MP: 11/11
 15802 | Lair:1   | Reached skill level 16 in Axes
 16915 | Lair:2   | Reached skill level 17 in Axes
 17178 | Lair:2   | Reached ***** piety under Trog
 17608 | Lair:2   | Identified the +1 ring mail of Veis {Regen+}
 17669 | Lair:2   | Found a hole to the Spider Nest.
 18607 | Lair:3   | Reached skill level 18 in Axes
 18655 | Lair:3   | Found a staircase to the Swamp.
 18787 | Lair:3   | Found a runed translucent door.
 18863 | Lair:3   | Noticed a five-headed hydra
 18871 | Lair:3   | Killed a two-headed hydra
 18874 | Lair:3   | Reached XP level 13. HP: 91/118 MP: 12/12
 19031 | Lair:3   | Identified the +7 dagger "Heiseroj" {protect, Stlth+}
 19048 | Lair:3   | Identified the +5 hand axe of Zaicahib {flame, Str+2}
 20572 | Lair:4   | Found a transporter.
 20594 | Lair:4   | Received a gift from Trog
 20657 | Lair:4   | Found a transporter.
 20657 | Lair:4   | Noticed Shym's ghost (journeyman BaVM)
 21557 | Lair:4   | Reached skill level 19 in Axes
 21681 | Lair:4   | HP: 5/119 [seven-headed hydra (1)]
 21681 | Lair:4   | Mangled by a seven-headed hydra

Illustrated notes

Levels and vault maps discovered:
D:1:      minmay_arrival_widening_spiral_wide, layout_loops_ring,
          grunt_decor_mini_mirrors
D:2:      layout_basic, basic_altar, serial_co_window_serial, co_window_paths_b,
          co_window_paths_b, co_window_paths_a, co_window_of_opportunity_a,
          co_window_of_opportunity_a, co_window_corner_a, co_window_paths_b,
          co_window_broadway_a, co_window_2corner, co_window_corner_b,
          co_window_corner_cb, uniq_terence
D:3:      layout_rooms, serial_shops, shop
D:4:      layout_rooms, temple_pool_b, minmay_between, uniq_ijyb
D:5:      layout_cave_pools, serial_glass, glass_columns_c, glass_columns_a,
          enter_ossuary_1, uniq_edmund, uniq_pikel
D:6:      layout_cave_pools, nicolae_ru_great_annihilating_truth,
          lexackson_kobold_supper, uniq_menkaure
D:7:      layout_loops_corners
D:8:      layout_basic, serial_shops, shop, hellmonk_bongcloud_opening,
          minmay_orc_keep
D:9:      layout_basic
D:10:     layout_roguey, serial_shops, nicolae_diamond_shop, minivault_25_ag,
          uniq_snorg
D:11:     layout_roguey, erik_lair_dragon, okawaru_metal_pillars_1_2
Lair:1:   layout_regular_city
Lair:2:   layout_roguey, nicolae_spider_entry_non_spiders
Lair:3:   nzn_winding_woodlands_cross [nzn_winding_woodlands_5x15_eye,
          nzn_winding_woodlands_5x15_parted, nzn_winding_woodlands_5x15_twine,
          nzn_winding_woodlands_5x15_jagged,
          nzn_winding_woodlands_15x15_eel_pit], layout_chaotic_city, swamp_mist,
          pf_torpor_hydra
Lair:4:   layout_cellular_growth, nzn_ghost_randoct,
          portal_ice_cave_entry_pillars_2, grunt_megastairs_5

Skill      XL: |  1  2  3  4  5  6  7  8  9 10 11 12 13 |
---------------+----------------------------------------+-----
Fighting       | 4 5 6 7 8 9 11 12 | 12.9
Axes           | 4 5 6 8 9 12 14 15 18 19 | 19.1
Dodging        | 3 4 |  4.7
Armour         | 3 4 5 6 8 9 10 11 12 13 | 13.2
Stealth        | 1 |  1.0

Action                   |  1- 3 |  4- 6 |  7- 9 | 10-12 | 13-15 || total
-------------------------+-------+-------+-------+-------+-------++-------
Melee: Hand axe          |    61 |   112 |    29 |       |     8 ||   210
       Headbutt          |     9 |    23 |    49 |    73 |    29 ||   183
       War axe           |       |       |    66 |       |       ||    66
       Executioner's axe |       |       |   131 |   328 |    90 ||   549
Throw: Stone             |     4 |       |       |       |       ||     4
Invok: Berserk           |     1 |     5 |    10 |     6 |     2 ||    24
       Trog's Hand       |       |       |     1 |     4 |     2 ||     7
  Use: Scroll            |       |     4 |     6 |     4 |     4 ||    18
       Potion            |       |       |     5 |     2 |       ||     7
Armor: Animal skin       |     7 |       |       |       |       ||     7
       Ring mail         |     9 |       |       |       |       ||     9
       Scale mail        |     2 |    36 |       |       |       ||    38
       Chain mail        |       |    26 |   115 |       |       ||   141
       Plate armour      |       |       |    64 |   289 |    95 ||   448
Dodge: Dodged            |    37 |    91 |   177 |   267 |    97 ||   669
